NASHVILLE vs LOS ANGELES

Created - May 1, 2021 at 13:17

Goals
1 2 3 T
NASHVILLE 2 0 0 2
LOS ANGELES 0 2 2 4
Shots
1 2 3 T
NASHVILLE 14 10 6 30
LOS ANGELES 12 12 15 39

1st period

1. NASHVILLE , Brian Dumoulin 11 (Nicolas Hague 23, J.T. Compher 28) at 17:44 (PP)
2. NASHVILLE , Josh Leivo 5 (Morgan Rielly 27, Jason Dickinson 12) at 17:58

Penalties :
Adam Larsson (NSH) for Hooking (Minor) at 0:39, Kris Letang (LOS) for Delaying the game (Minor) at 7:57, Alex Goligoski (LOS) for Hooking (Minor) at 16:07

2nd period

3. LOS ANGELES , Tyler Seguin 22 (Mika Zibanejad 38, Matthew Tkachuk 29) at 9:38
4. LOS ANGELES , Tyler Seguin 23 (Johnny Boychuk 14, Matthew Tkachuk 30) at 10:03

Penalties :
Nick Cousins (LOS) for Hooking (Minor) at 3:17, Zdeno Chara (LOS) for Slashing (Minor) at 4:59, Tage Thompson (NSH) for Tripping (Minor) at 18:00

3rd period

5. LOS ANGELES , Kris Letang 7 (Mike Hoffman 22, Ryan McDonagh 20) at 9:41 (PP)
6. LOS ANGELES , Tyler Seguin 24 (Mika Zibanejad 39, Kris Letang 40) at 19:34 (Empty Net)

Penalties :
Adam Larsson (NSH) for Hooking (Minor) at 9:21, Jeremy Lauzon (NSH) for Interference (Minor) at 15:04, Josh Manson (LOS) for High sticking (Minor) at 17:30

Goalie Stats

Devan Dubnyk (NSH), 35 saves from 38 shots - (0.921), L, 4-4-1, 59:32 minutes
Antti Raanta (LOS), 28 saves from 30 shots - (0.933), W, 40-18-3, 60:00 minutes

Players Stats for NASHVILLE

Player Name              G  A  P  +/- PIM S  H  SB GA TA FO     MP     PP MP  PK MP  
------------------------------------------------------------------------------------
Adam Larsson             0  0  0  -1  4   2  2  1  0  0  0/0    21:31   4:45   1:17 
Andrew Peeke             0  0  0   0  0   0  0  1  0  0  0/0    13:50   0:00   1:36 
Bobby Ryan               0  0  0  -1  0   2  0  0  0  0  0/0    17:55   4:17   0:00 
Brian Dumoulin           1  0  1  -1  0   1  0  1  0  0  0/0    21:52   4:31   3:40 
Connor Carrick           0  0  0   0  0   0  0  0  0  0  0/0     3:09   0:00   0:08 
Devin Shore              0  0  0   0  0   0  0  0  0  0  3/5     3:20   0:00   0:58 
J.T. Compher             0  1  1  -1  0   2  1  0  0  0  8/25   20:01   4:17   2:06 
Jared McCann             0  0  0  -2  0   2  1  0  0  0  3/6    21:11   4:59   1:20 
Jason Dickinson          0  1  1   1  0   2  3  1  0  0  4/12   15:00   0:00   1:25 
Jeremy Lauzon            0  0  0   0  2   1  4  1  0  0  0/0    12:13   0:00   0:00 
Jimmy Vesey              0  0  0  -1  0   4  0  0  0  0  0/1    17:55   4:17   0:00 
Josh Leivo               1  0  1   1  0   3  1  0  0  0  1/4    15:16   0:00   1:41 
Morgan Rielly            0  1  1  -1  0   3  1  2  0  0  0/0    25:41   4:45   2:24 
Nicolas Hague            0  1  1  -1  0   2  3  1  0  0  0/0    21:41   4:31   3:29 
Nolan Patrick            0  0  0   0  0   0  0  0  0  0  0/0     0:00   0:00   0:00 
Paul Byron               0  0  0  -2  0   2  5  0  0  0  1/2    24:39   4:59   2:26 
Sean Monahan             0  0  0  -2  0   4  2  0  0  0  18/33  24:51   4:59   2:38 
Tage Thompson            0  0  0   1  2   0  1  0  0  0  2/3    13:34   0:00   0:00 

Players Stats for LOS ANGELES

Player Name              G  A  P  +/- PIM S  H  SB GA TA FO     MP     PP MP  PK MP  
------------------------------------------------------------------------------------
Alex Goligoski           0  0  0  -1  2   2  2  1  0  0  0/0    21:05   3:31   2:54 
Artem Anisimov           0  0  0  -1  0   1  0  0  0  0  2/2    10:23   0:00   0:00 
Gabriel Bourque          0  0  0   0  0   0  0  1  0  0  0/0     5:06   0:00   0:00 
Johnny Boychuk           0  1  1   2  0   2  0  2  0  0  0/0    13:15   0:00   0:20 
Jonathan Toews           0  0  0   0  0   3  4  0  0  0  9/22   22:08   3:04   5:37 
Josh Manson              0  0  0   2  2   0  0  1  0  0  0/0    15:24   0:00   2:30 
Kris Letang              1  1  2   1  2   4  2  1  0  0  0/0    24:05   2:46   4:29 
Matthew Tkachuk          0  2  2   3  0   1  1  0  0  0  2/6    21:56   3:13   3:12 
Mika Zibanejad           0  2  2   3  0   5  1  0  0  0  23/31  23:34   3:13   4:50 
Mike Hoffman             0  1  1   0  0   6  1  0  0  0  1/2    16:31   3:04   0:00 
Nick Bonino              0  0  0   0  0   3  2  1  0  0  3/3    16:31   3:04   0:00 
Nick Cousins             0  0  0   0  2   0  0  0  0  0  3/8     5:05   0:00   0:00 
Riley Nash               0  0  0   0  0   1  0  0  0  0  0/0     5:06   0:00   0:00 
Ryan McDonagh            0  1  1   1  0   0  2  0  0  0  0/0    24:25   2:46   5:15 
Travis Zajac             0  0  0  -1  0   1  0  0  0  0  7/12   10:59   0:00   0:36 
Tyler Seguin             3  0  3   3  0   7  1  0  0  0  0/2    21:56   3:13   3:12 
Vladislav Namestnikov    0  0  0  -1  0   3  1  1  0  0  1/3    11:11   0:00   0:48 
Zdeno Chara              0  0  0  -1  2   0  0  1  0  0  0/0    21:42   3:31   3:03 

3 Stars

1 - Tyler Seguin (LOS)
2 - Matthew Tkachuk (LOS)
3 - Mika Zibanejad (LOS)

Power Play

NASHVILLE - 1 on 5 Attempt(s) - 20.00%
LOS ANGELES - 1 on 4 Attempt(s) - 25.00%

Penalty Kill

NASHVILLE - 3 on 4 Attempt(s) - 75.00% - Score 0 goal in Penalty Kill
LOS ANGELES - 4 on 5 Attempt(s) - 80.00% - Score 0 goal in Penalty Kill

Team Stat

NASHVILLE - Hits : 24 - Faceoff Wins : 40 - Blocked Shots : 8 - Penalty Minutes : 8
LOS ANGELES - Hits : 17 - Faceoff Wins : 51 - Blocked Shots : 9 - Penalty Minutes : 10

Official

Referees : Stephen Hiff and Dan O'Halloran
Linesman : Cole Wreggit and Darren Gibbs

Game Notes

Tyler Seguin has scored a Hat Trick!
Tyler Seguin has scored in a empty net!

Finance

Level 1 -- Attendance: 4713 (78.55%) -- Ticket Income $471,300
Level 2 -- Attendance: 3927 (78.54%) -- Ticket Income $235,620
Level 3 -- Attendance: 1934 (96.70%) -- Ticket Income $67,690
Level 4 -- Attendance: 3544 (88.60%) -- Ticket Income $70,880
Luxury Box -- Attendance: 719 (71.90%) -- Ticket Income $143,800
Game was played at the Staples Center.
Total Attendance: 14837 (82.43%)
Total Ticket Income: $989,290
Total Income: $989,290

NASHVILLE

5 vs 5 Forward 
   Center                   Left Wing                Right Wing               Time % Phy DF OF 
 1 Sean Monahan             Paul Byron               Jared McCann             35     1   2  2  
 2 J.T. Compher             Jimmy Vesey              Bobby Ryan               30     1   2  2  
 3 Jason Dickinson          Josh Leivo               Tage Thompson            25     1   2  2  
 4 Devin Shore              Sean Monahan             Paul Byron               10     1   2  2  

5 vs 5 Defense 
   Defense                  Defense                                           Time % Phy DF OF 
 1 Morgan Rielly            Adam Larsson                                      35     1   2  2  
 2 Brian Dumoulin           Nicolas Hague                                     30     1   2  2  
 3 Jeremy Lauzon            Andrew Peeke                                      25     1   2  2  
 4 Connor Carrick           Morgan Rielly                                     10     1   2  2  

PowerPlay Forward 
   Center                   Left Wing                Right Wing               Time % Phy DF OF 
 1 Sean Monahan             Paul Byron               Jared McCann             60     1   2  2  
 2 J.T. Compher             Jimmy Vesey              Bobby Ryan               40     1   2  2  

PowerPlay Defense
   Defense                  Defense                                           Time % Phy DF OF 
 1 Morgan Rielly            Adam Larsson                                      60     1   2  2  
 2 Brian Dumoulin           Nicolas Hague                                     40     1   2  2  

Penalty Kill 4 Players Forward 
   Center                   Wing                     Time % Phy DF OF 
 1 Sean Monahan             Paul Byron               60     1   2  2  
 2 Jared McCann             J.T. Compher             40     1   2  2  

Penalty Kill 4 Players Defense
   Defense                  Defense                  Time % Phy DF OF 
 1 Morgan Rielly            Adam Larsson             60     1   2  2  
 2 Brian Dumoulin           Nicolas Hague            40     1   2  2  

Penalty Kill - 3 Players Forward 
   Forward                                           Time % Phy DF OF 
 1 Sean Monahan                                      60     1   2  2  
 2 Paul Byron                                        40     1   2  2  

Penalty Kill - 3 Players Defense
   Defense                  Defense                  Time % Phy DF OF 
 1 Morgan Rielly            Adam Larsson             60     1   2  2  
 2 Brian Dumoulin           Nicolas Hague            40     1   2  2  

4 vs 4 Forward 
   Center                   Wing                     Time % Phy DF OF 
 1 Sean Monahan             Paul Byron               60     1   2  2  
 2 Jared McCann             J.T. Compher             40     1   2  2  

4 vs 4 Defense
   Defense                  Defense                  Time % Phy DF OF 
 1 Morgan Rielly            Adam Larsson             60     1   2  2  
 2 Brian Dumoulin           Nicolas Hague            40     1   2  2  

Last Minutes Offensive
   Center                   Left Wing                Right Wing               Defense                  Defense                  
   Sean Monahan             Paul Byron               Jared McCann             Morgan Rielly            Adam Larsson             

Last Minutes Defensive
   Center                   Left Wing                Right Wing               Defense                  Defense                  
   Sean Monahan             Paul Byron               Jared McCann             Morgan Rielly            Adam Larsson             

Goaltenders
Starting : Devan Dubnyk             
Backup : Joonas Korpisalo         

Extra Forwards
Normal : Nolan Patrick, Jason Dickinson, Josh Leivo - PP : Nolan Patrick, Jason Dickinson - PK : Josh Leivo
Extra Defensemen
Normal : Jeremy Lauzon, Andrew Peeke, Connor Carrick - PP : Jeremy Lauzon - PK : Andrew Peeke, Connor Carrick
Penalty Shots
Sean Monahan, Paul Byron, Jared McCann, J.T. Compher, Jimmy Vesey

Scratches
Alexander Barabanov (Healthy), Alex Petrovic (Healthy), Henrik Lundqvist (Healthy), NSH Cap Hit (Suspend)

LOS ANGELES

5 vs 5 Forward 
   Center                   Left Wing                Right Wing               Time % Phy DF OF 
 1 Mika Zibanejad           Matthew Tkachuk          Tyler Seguin             40     1   2  2  
 2 Jonathan Toews           Nick Bonino              Mike Hoffman             35     1   2  2  
 3 Travis Zajac             Vladislav Namestnikov    Artem Anisimov           20     1   2  2  
 4 Nick Cousins             Gabriel Bourque          Riley Nash               5      1   2  2  

5 vs 5 Defense 
   Defense                  Defense                                           Time % Phy DF OF 
 1 Kris Letang              Ryan McDonagh                                     35     1   2  2  
 2 Zdeno Chara              Alex Goligoski                                    30     1   2  2  
 3 Johnny Boychuk           Josh Manson                                       25     1   2  2  
 4 Kris Letang              Ryan McDonagh                                     10     1   2  2  

PowerPlay Forward 
   Center                   Left Wing                Right Wing               Time % Phy DF OF 
 1 Mika Zibanejad           Matthew Tkachuk          Tyler Seguin             60     1   2  2  
 2 Jonathan Toews           Nick Bonino              Mike Hoffman             40     1   2  2  

PowerPlay Defense
   Defense                  Defense                                           Time % Phy DF OF 
 1 Kris Letang              Ryan McDonagh                                     60     1   2  2  
 2 Zdeno Chara              Alex Goligoski                                    40     1   2  2  

Penalty Kill 4 Players Forward 
   Center                   Wing                     Time % Phy DF OF 
 1 Mika Zibanejad           Jonathan Toews           60     1   2  2  
 2 Matthew Tkachuk          Tyler Seguin             40     1   2  2  

Penalty Kill 4 Players Defense
   Defense                  Defense                  Time % Phy DF OF 
 1 Kris Letang              Ryan McDonagh            60     1   2  2  
 2 Zdeno Chara              Alex Goligoski           40     1   2  2  

Penalty Kill - 3 Players Forward 
   Forward                                           Time % Phy DF OF 
 1 Mika Zibanejad                                    60     1   2  2  
 2 Jonathan Toews                                    40     1   2  2  

Penalty Kill - 3 Players Defense
   Defense                  Defense                  Time % Phy DF OF 
 1 Kris Letang              Ryan McDonagh            60     1   2  2  
 2 Zdeno Chara              Alex Goligoski           40     1   2  2  

4 vs 4 Forward 
   Center                   Wing                     Time % Phy DF OF 
 1 Mika Zibanejad           Jonathan Toews           60     1   2  2  
 2 Matthew Tkachuk          Tyler Seguin             40     1   2  2  

4 vs 4 Defense
   Defense                  Defense                  Time % Phy DF OF 
 1 Kris Letang              Ryan McDonagh            60     1   2  2  
 2 Zdeno Chara              Alex Goligoski           40     1   2  2  

Last Minutes Offensive
   Center                   Left Wing                Right Wing               Defense                  Defense                  
   Mika Zibanejad           Matthew Tkachuk          Tyler Seguin             Kris Letang              Ryan McDonagh            

Last Minutes Defensive
   Center                   Left Wing                Right Wing               Defense                  Defense                  
   Mika Zibanejad           Matthew Tkachuk          Tyler Seguin             Kris Letang              Ryan McDonagh            

Goaltenders
Starting : Antti Raanta             
Backup : Jaroslav Halak           

Extra Forwards
Normal : Tyler Seguin, Travis Zajac, Vladislav Namestnikov - PP : Tyler Seguin, Travis Zajac - PK : Vladislav Namestnikov
Extra Defensemen
Normal : Johnny Boychuk, Josh Manson, Zdeno Chara - PP : Johnny Boychuk - PK : Josh Manson, Zdeno Chara
Penalty Shots
Mika Zibanejad, Jonathan Toews, Tyler Seguin, Matthew Tkachuk, Mike Hoffman

Scratches
None


% Time on Ice - NASHVILLE

Lines # - Real PCT - Wanted PCT - Time Play
Normal Forward
1 - 33% - 35% - 14:47
2 - 31% - 30% - 13:38
3 - 31% - 25% - 13:35
4 - 5% - 10% - 2:22
Normal Defense
1 - 35% - 35% - 15:26
2 - 31% - 30% - 13:41
3 - 28% - 25% - 12:14
4 - 7% - 10% - 3:01
PP Forward
1 - 54% - 60% - 4:59
2 - 46% - 40% - 4:17
PP Defense
1 - 51% - 60% - 4:45
2 - 49% - 40% - 4:31
PK Forward
1 - 67% - 60% - 4:11
2 - 33% - 40% - 2:06
PK Defense
1 - 38% - 60% - 2:24
2 - 62% - 40% - 3:53
PK3 Forward
1 - 0% - 60%
2 - 0% - 40%
PK3 Defense
1 - 0% - 60%
2 - 0% - 40%
44 Forward
1 - 0% - 60%
2 - 0% - 40%
44 Defense
1 - 0% - 60%
2 - 0% - 40%
Last Minute Offensive  - 0:05
Last Minute Defensive  - 0:00
Total
Forward - 60:00
Defense - 60:00

% Time on Ice - LOS ANGELES

Lines # - Real PCT - Wanted PCT - Time Play
Normal Forward
1 - 35% - 40% - 15:26
2 - 30% - 35% - 13:27
3 - 23% - 20% - 10:23
4 - 11% - 5% - 5:06
Normal Defense
1 - 34% - 35% - 15:09
2 - 33% - 30% - 14:41
3 - 29% - 25% - 12:55
4 - 4% - 10% - 1:37
PP Forward
1 - 51% - 60% - 3:13
2 - 49% - 40% - 3:04
PP Defense
1 - 44% - 60% - 2:46
2 - 56% - 40% - 3:31
PK Forward
1 - 64% - 60% - 5:47
2 - 36% - 40% - 3:12
PK Defense
1 - 63% - 60% - 5:37
2 - 37% - 40% - 3:22
PK3 Forward
1 - 100% - 60% - 0:17
2 - 0% - 40% - 0:00
PK3 Defense
1 - 24% - 60% - 0:04
2 - 76% - 40% - 0:13
44 Forward
1 - 0% - 60%
2 - 0% - 40%
44 Defense
1 - 0% - 60%
2 - 0% - 40%
Last Minute Offensive  - 0:00
Last Minute Defensive  - 0:05
Total
Forward - 60:00
Defense - 60:00

Play-by-Play

1st period


0:01 of 1st period - Mika Zibanejad wins face-off versus Sean Monahan in neutral zone.
0:36 of 1st period - Icing by Morgan Rielly.
0:37 of 1st period - Jonathan Toews wins face-off versus Sean Monahan in NASHVILLE zone.
0:39 of 1st period - Minor Penalty to Adam Larsson for Hooking.
0:40 of 1st period - Sean Monahan wins face-off versus Jonathan Toews in NASHVILLE zone.
1:16 of 1st period - Shot by Alex Goligoski.
1:16 of 1st period - Shot Misses the Net.
1:18 of 1st period - Shot by Nick Bonino.
1:18 of 1st period - Stopped by Devan Dubnyk without a rebound.
1:19 of 1st period - Mika Zibanejad wins face-off versus Jared McCann in NASHVILLE zone.
1:47 of 1st period - Shot by Tyler Seguin.
1:47 of 1st period - Stopped by Devan Dubnyk without a rebound.
1:48 of 1st period - Sean Monahan wins face-off versus Jonathan Toews in NASHVILLE zone.
1:59 of 1st period - Shot by Jonathan Toews.
1:59 of 1st period - Deflect By Nick Bonino.
1:59 of 1st period - Shot Blocked by Andrew Peeke.
2:11 of 1st period - Shot by Jonathan Toews.
2:11 of 1st period - Stopped by Devan Dubnyk without a rebound.
2:12 of 1st period - Jared McCann wins face-off versus Mika Zibanejad in NASHVILLE zone.
2:12 of 1st period - Jared McCann is hit by Mika Zibanejad.
2:28 of 1st period - Shot by Kris Letang.
2:28 of 1st period - Shot Misses the Net.
2:30 of 1st period - Shot by Kris Letang.
2:30 of 1st period - Shot Misses the Net.
2:41 of 1st period - Johnny Boychuk is hit by Nicolas Hague and loses puck.
2:44 of 1st period - Shot by Johnny Boychuk.
2:44 of 1st period - Stopped by Devan Dubnyk without a rebound.
2:45 of 1st period - Travis Zajac wins face-off versus J.T. Compher in NASHVILLE zone.
2:52 of 1st period - Shot by Artem Anisimov.
2:52 of 1st period - Shot Misses the Net.
3:16 of 1st period - Shot by J.T. Compher.
3:16 of 1st period - Deflect By Jimmy Vesey.
3:16 of 1st period - Stopped by Antti Raanta without a rebound.
3:17 of 1st period - Jonathan Toews wins face-off versus Jason Dickinson in LOS ANGELES zone.
3:17 of 1st period - Johnny Boychuk is hit by Jason Dickinson and loses puck.
3:34 of 1st period - Shot by Mike Hoffman.
3:34 of 1st period - Stopped by Devan Dubnyk without a rebound.
3:35 of 1st period - Sean Monahan wins face-off versus Mika Zibanejad in NASHVILLE zone.
4:30 of 1st period - J.T. Compher is hit by Ryan McDonagh.
4:59 of 1st period - Off-side.
5:00 of 1st period - Jonathan Toews wins face-off versus Tage Thompson in neutral zone.
5:11 of 1st period - Shot by Jonathan Toews.
5:11 of 1st period - Shot Misses the Net.
5:13 of 1st period - Shot by Nick Bonino.
5:13 of 1st period - Shot Misses the Net.
5:15 of 1st period - Shot by Johnny Boychuk.
5:15 of 1st period - Stopped by Devan Dubnyk without a rebound.
5:16 of 1st period - Travis Zajac wins face-off versus Jason Dickinson in NASHVILLE zone.
5:31 of 1st period - Shot by Travis Zajac.
5:31 of 1st period - Deflect By Vladislav Namestnikov.
5:31 of 1st period - Stopped by Devan Dubnyk without a rebound.
5:32 of 1st period - J.T. Compher wins face-off versus Jonathan Toews in NASHVILLE zone.
5:32 of 1st period - J.T. Compher is hit by Jonathan Toews.
6:50 of 1st period - Shot by Paul Byron.
6:50 of 1st period - Shot Misses the Net.
6:54 of 1st period - Shot by Sean Monahan.
6:54 of 1st period - Shot Misses the Net.
7:29 of 1st period - Shot by Mika Zibanejad.
7:29 of 1st period - Stopped by Devan Dubnyk with a rebound.
7:53 of 1st period - Jimmy Vesey is hit by Kris Letang and loses puck.
7:57 of 1st period - Minor Penalty to Kris Letang for Delaying the game.
7:58 of 1st period - Sean Monahan wins face-off versus Mika Zibanejad in LOS ANGELES zone.
8:02 of 1st period - Sean Monahan is hit by Alex Goligoski and loses puck.
8:26 of 1st period - Shot by Morgan Rielly.
8:26 of 1st period - Shot Misses the Net.
8:48 of 1st period - Shot by Jimmy Vesey.
8:48 of 1st period - Stopped by Antti Raanta with a rebound.
9:20 of 1st period - Shot by Adam Larsson.
9:20 of 1st period - Stopped by Antti Raanta without a rebound.
9:21 of 1st period - Sean Monahan wins face-off versus Mika Zibanejad in LOS ANGELES zone.
9:22 of 1st period - Shot by Morgan Rielly.
9:22 of 1st period - Shot Blocked by Zdeno Chara.
9:32 of 1st period - Shot by Sean Monahan.
9:32 of 1st period - Stopped by Antti Raanta with a rebound.
10:23 of 1st period - Shot by Josh Leivo.
10:23 of 1st period - Deflect By Jason Dickinson.
10:23 of 1st period - Stopped by Antti Raanta without a rebound.
10:24 of 1st period - J.T. Compher wins face-off versus Travis Zajac in LOS ANGELES zone.
11:22 of 1st period - Jimmy Vesey is hit by Ryan McDonagh.
11:49 of 1st period - Kris Letang is hit by Jeremy Lauzon.
11:51 of 1st period - Shot by Mika Zibanejad.
11:51 of 1st period - Stopped by Devan Dubnyk without a rebound.
11:52 of 1st period - Devin Shore wins face-off versus Mike Hoffman in NASHVILLE zone.
11:52 of 1st period - Devin Shore is hit by Jonathan Toews.
12:10 of 1st period - Shot by Mike Hoffman.
12:10 of 1st period - Shot Blocked by Morgan Rielly.
12:14 of 1st period - Shot by Nick Bonino.
12:14 of 1st period - Stopped by Devan Dubnyk without a rebound.
12:15 of 1st period - Nick Cousins wins face-off versus Jason Dickinson in NASHVILLE zone.
12:48 of 1st period - Shot by Tage Thompson.
12:48 of 1st period - Shot Blocked by Gabriel Bourque.
12:50 of 1st period - Shot by Andrew Peeke.
12:50 of 1st period - Shot Misses the Net.
12:52 of 1st period - Shot by Jason Dickinson.
12:52 of 1st period - Stopped by Antti Raanta without a rebound.
12:53 of 1st period - Nick Bonino wins face-off versus Sean Monahan in LOS ANGELES zone.
12:53 of 1st period - Nick Bonino is hit by Jared McCann.
13:00 of 1st period - Off-side.
13:01 of 1st period - Nick Bonino wins face-off versus Sean Monahan in neutral zone.
14:11 of 1st period - Matthew Tkachuk is hit by Nicolas Hague and loses puck.
14:56 of 1st period - Icing by Jason Dickinson.
14:57 of 1st period - Travis Zajac wins face-off versus Josh Leivo in NASHVILLE zone.
15:04 of 1st period - Shot by Artem Anisimov.
15:04 of 1st period - Stopped by Devan Dubnyk with a rebound.
15:08 of 1st period - Shot by Vladislav Namestnikov.
15:08 of 1st period - Stopped by Devan Dubnyk without a rebound.
15:09 of 1st period - Jared McCann wins face-off versus Nick Cousins in NASHVILLE zone.
15:26 of 1st period - Shot by Jared McCann.
15:26 of 1st period - Shot Misses the Net.
15:33 of 1st period - Icing by Nick Cousins.
15:34 of 1st period - Jason Dickinson wins face-off versus Nick Cousins in LOS ANGELES zone.
15:47 of 1st period - Shot by Tage Thompson.
15:47 of 1st period - Deflect By Jason Dickinson.
15:47 of 1st period - Shot Blocked by Johnny Boychuk.
15:49 of 1st period - Shot by Jeremy Lauzon.
15:49 of 1st period - Stopped by Antti Raanta without a rebound.
15:50 of 1st period - Mike Hoffman wins face-off versus Devin Shore in LOS ANGELES zone.
16:07 of 1st period - Minor Penalty to Alex Goligoski for Hooking.
16:08 of 1st period - J.T. Compher wins face-off versus Mika Zibanejad in LOS ANGELES zone.
16:11 of 1st period - Shot by Jimmy Vesey.
16:11 of 1st period - Stopped by Antti Raanta without a rebound.
16:12 of 1st period - Mika Zibanejad wins face-off versus Jared McCann in LOS ANGELES zone.
16:12 of 1st period - Mika Zibanejad is hit by Sean Monahan.
17:24 of 1st period - Shot by Jimmy Vesey.
17:24 of 1st period - Stopped by Antti Raanta without a rebound.
17:25 of 1st period - Sean Monahan wins face-off versus Matthew Tkachuk in LOS ANGELES zone.
17:28 of 1st period - Shot by Sean Monahan.
17:28 of 1st period - Shot Misses the Net.
17:30 of 1st period - Shot by Adam Larsson.
17:30 of 1st period - Deflect By Jared McCann.
17:30 of 1st period - Stopped by Antti Raanta without a rebound.
17:31 of 1st period - Mika Zibanejad wins face-off versus J.T. Compher in LOS ANGELES zone.
17:42 of 1st period - Shot by Nicolas Hague.
17:42 of 1st period - Shot Misses the Net.
17:44 of 1st period - Shot by Brian Dumoulin.
17:44 of 1st period - Goal by Brian Dumoulin - NASHVILLE : 1 - LOS ANGELES : 0.
17:45 of 1st period - Jason Dickinson wins face-off versus Travis Zajac in neutral zone.
17:58 of 1st period - Shot by Josh Leivo.
17:58 of 1st period - Goal by Josh Leivo - NASHVILLE : 2 - LOS ANGELES : 0.
17:59 of 1st period - Mika Zibanejad wins face-off versus Sean Monahan in neutral zone.
19:00 of 1st period - Shot by Bobby Ryan.
19:00 of 1st period - Stopped by Antti Raanta without a rebound.
19:01 of 1st period - Travis Zajac wins face-off versus Jason Dickinson in LOS ANGELES zone.
19:01 of 1st period - Travis Zajac is hit by Josh Leivo.
19:22 of 1st period - Shot by Josh Leivo.
19:22 of 1st period - Stopped by Antti Raanta with a rebound.
Goals for this period are 2 for NASHVILLE vs 0 for LOS ANGELES.
Shots for this period are 14 for NASHVILLE vs 12 for LOS ANGELES.

2nd period


0:01 of 2nd period - Sean Monahan wins face-off versus Jonathan Toews in neutral zone.
0:06 of 2nd period - Shot by Mike Hoffman.
0:06 of 2nd period - Stopped by Devan Dubnyk without a rebound.
0:07 of 2nd period - Sean Monahan wins face-off versus Jonathan Toews in NASHVILLE zone.
0:07 of 2nd period - Sean Monahan is hit by Mike Hoffman.
0:40 of 2nd period - Off-side.
0:41 of 2nd period - Mika Zibanejad wins face-off versus J.T. Compher in neutral zone.
1:07 of 2nd period - Icing by Tyler Seguin.
1:08 of 2nd period - Jason Dickinson wins face-off versus Mika Zibanejad in LOS ANGELES zone.
1:29 of 2nd period - Shot by Matthew Tkachuk.
1:29 of 2nd period - Shot Blocked by Jason Dickinson.
1:41 of 2nd period - Shot by Josh Leivo.
1:41 of 2nd period - Stopped by Antti Raanta without a rebound.
1:42 of 2nd period - Sean Monahan wins face-off versus Jonathan Toews in LOS ANGELES zone.
2:35 of 2nd period - Icing by Jared McCann.
2:36 of 2nd period - Sean Monahan wins face-off versus Nick Cousins in NASHVILLE zone.
2:43 of 2nd period - Nick Cousins is hit by Paul Byron and loses puck.
3:17 of 2nd period - Minor Penalty to Nick Cousins for Hooking.
3:18 of 2nd period - Mika Zibanejad wins face-off versus J.T. Compher in LOS ANGELES zone.
3:36 of 2nd period - Shot by Nicolas Hague.
3:36 of 2nd period - Deflect By Bobby Ryan.
3:36 of 2nd period - Shot Misses the Net.
3:38 of 2nd period - Shot by Nicolas Hague.
3:38 of 2nd period - Stopped by Antti Raanta without a rebound.
3:39 of 2nd period - Mika Zibanejad wins face-off versus Paul Byron in LOS ANGELES zone.
3:56 of 2nd period - Shot by Sean Monahan.
3:56 of 2nd period - Shot Misses the Net.
3:58 of 2nd period - Shot by Adam Larsson.
3:58 of 2nd period - Stopped by Antti Raanta without a rebound.
3:59 of 2nd period - J.T. Compher wins face-off versus Matthew Tkachuk in LOS ANGELES zone.
4:18 of 2nd period - Shot by Bobby Ryan.
4:18 of 2nd period - Shot Misses the Net.
4:50 of 2nd period - Shot by Morgan Rielly.
4:50 of 2nd period - Stopped by Antti Raanta without a rebound.
4:51 of 2nd period - Sean Monahan wins face-off versus Matthew Tkachuk in LOS ANGELES zone.
4:56 of 2nd period - Shot by Paul Byron.
4:56 of 2nd period - Deflect By Sean Monahan.
4:56 of 2nd period - Shot Misses the Net.
4:58 of 2nd period - Shot by Jared McCann.
4:58 of 2nd period - Shot Misses the Net.
4:59 of 2nd period - Minor Penalty to Zdeno Chara for Slashing.
5:00 of 2nd period - Mika Zibanejad wins face-off versus J.T. Compher in LOS ANGELES zone.
5:48 of 2nd period - Shot by Paul Byron.
5:48 of 2nd period - Stopped by Antti Raanta without a rebound.
5:49 of 2nd period - Mika Zibanejad wins face-off versus Sean Monahan in LOS ANGELES zone.
6:29 of 2nd period - Icing by Sean Monahan.
6:30 of 2nd period - Matthew Tkachuk wins face-off versus Sean Monahan in NASHVILLE zone.
7:33 of 2nd period - Icing by Alex Goligoski.
7:34 of 2nd period - Travis Zajac wins face-off versus J.T. Compher in LOS ANGELES zone.
7:48 of 2nd period - Shot by Travis Zajac.
7:48 of 2nd period - Shot Misses the Net.
8:04 of 2nd period - Shot by J.T. Compher.
8:04 of 2nd period - Shot Blocked by Nick Bonino.
9:11 of 2nd period - Shot by Sean Monahan.
9:11 of 2nd period - Stopped by Antti Raanta without a rebound.
9:12 of 2nd period - Nick Cousins wins face-off versus J.T. Compher in LOS ANGELES zone.
9:26 of 2nd period - Icing by J.T. Compher.
9:27 of 2nd period - Mika Zibanejad wins face-off versus J.T. Compher in NASHVILLE zone.
9:36 of 2nd period - Shot by Matthew Tkachuk.
9:36 of 2nd period - Deflect By Mika Zibanejad.
9:36 of 2nd period - Shot Misses the Net.
9:38 of 2nd period - Shot by Tyler Seguin.
9:38 of 2nd period - Goal by Tyler Seguin - NASHVILLE : 2 - LOS ANGELES : 1.
9:39 of 2nd period - Travis Zajac wins face-off versus Jason Dickinson in neutral zone.
9:51 of 2nd period - Off-side.
9:52 of 2nd period - Mika Zibanejad wins face-off versus Sean Monahan in neutral zone.
10:03 of 2nd period - Shot by Tyler Seguin.
10:03 of 2nd period - Goal by Tyler Seguin - NASHVILLE : 2 - LOS ANGELES : 2.
10:04 of 2nd period - Jonathan Toews wins face-off versus J.T. Compher in neutral zone.
10:26 of 2nd period - Icing by Kris Letang.
10:27 of 2nd period - Sean Monahan wins face-off versus Jonathan Toews in LOS ANGELES zone.
10:32 of 2nd period - Shot by Paul Byron.
10:32 of 2nd period - Deflect By Sean Monahan.
10:32 of 2nd period - Shot Misses the Net.
11:15 of 2nd period - Off-side.
11:16 of 2nd period - J.T. Compher wins face-off versus Travis Zajac in neutral zone.
11:16 of 2nd period - Jimmy Vesey is hit by Vladislav Namestnikov and loses puck.
11:29 of 2nd period - Shot by J.T. Compher.
11:29 of 2nd period - Stopped by Antti Raanta without a rebound.
11:30 of 2nd period - Tage Thompson wins face-off versus Mika Zibanejad in LOS ANGELES zone.
12:02 of 2nd period - Icing by Jeremy Lauzon.
12:03 of 2nd period - Tage Thompson wins face-off versus Jonathan Toews in NASHVILLE zone.
12:03 of 2nd period - Tage Thompson is hit by Jonathan Toews.
12:17 of 2nd period - Shot by Nick Bonino.
12:17 of 2nd period - Stopped by Devan Dubnyk without a rebound.
12:18 of 2nd period - Sean Monahan wins face-off versus Travis Zajac in NASHVILLE zone.
12:25 of 2nd period - Shot by Morgan Rielly.
12:25 of 2nd period - Stopped by Antti Raanta without a rebound.
12:26 of 2nd period - Sean Monahan wins face-off versus Tyler Seguin in LOS ANGELES zone.
12:29 of 2nd period - Shot by Paul Byron.
12:29 of 2nd period - Shot Misses the Net.
12:45 of 2nd period - Shot by Matthew Tkachuk.
12:45 of 2nd period - Stopped by Devan Dubnyk without a rebound.
12:46 of 2nd period - Jonathan Toews wins face-off versus Jimmy Vesey in NASHVILLE zone.
13:12 of 2nd period - Shot by Jimmy Vesey.
13:12 of 2nd period - Shot Misses the Net.
14:05 of 2nd period - Shot by Morgan Rielly.
14:05 of 2nd period - Stopped by Antti Raanta without a rebound.
14:06 of 2nd period - Artem Anisimov wins face-off versus Jason Dickinson in LOS ANGELES zone.
14:06 of 2nd period - Artem Anisimov is hit by Tage Thompson.
14:14 of 2nd period - Shot by Travis Zajac.
14:14 of 2nd period - Stopped by Devan Dubnyk without a rebound.
14:15 of 2nd period - Sean Monahan wins face-off versus Nick Cousins in NASHVILLE zone.
15:11 of 2nd period - Shot by Tyler Seguin.
15:11 of 2nd period - Shot Misses the Net.
16:09 of 2nd period - Alex Goligoski is hit by Paul Byron and loses puck.
17:26 of 2nd period - Shot by Bobby Ryan.
17:26 of 2nd period - Shot Misses the Net.
17:28 of 2nd period - Shot by Nicolas Hague.
17:28 of 2nd period - Stopped by Antti Raanta without a rebound.
17:29 of 2nd period - Jason Dickinson wins face-off versus Tyler Seguin in LOS ANGELES zone.
17:29 of 2nd period - Jason Dickinson is hit by Kris Letang.
18:00 of 2nd period - Minor Penalty to Tage Thompson for Tripping.
18:01 of 2nd period - Mika Zibanejad wins face-off versus J.T. Compher in NASHVILLE zone.
18:02 of 2nd period - Shot by Tyler Seguin.
18:02 of 2nd period - Stopped by Devan Dubnyk with a rebound.
18:04 of 2nd period - Shot by Kris Letang.
18:04 of 2nd period - Stopped by Devan Dubnyk with a rebound.
18:06 of 2nd period - Shot by Kris Letang.
18:06 of 2nd period - Shot Misses the Net.
18:08 of 2nd period - Shot by Kris Letang.
18:08 of 2nd period - Stopped by Devan Dubnyk without a rebound.
18:09 of 2nd period - Jonathan Toews wins face-off versus Josh Leivo in NASHVILLE zone.
18:16 of 2nd period - Shot by Mike Hoffman.
18:16 of 2nd period - Stopped by Devan Dubnyk without a rebound.
18:17 of 2nd period - J.T. Compher wins face-off versus Mika Zibanejad in NASHVILLE zone.
18:27 of 2nd period - Matthew Tkachuk is hit by J.T. Compher and loses puck.
18:44 of 2nd period - Brian Dumoulin is hit by Tyler Seguin and loses puck.
18:57 of 2nd period - Brian Dumoulin is hit by Matthew Tkachuk and loses puck.
19:14 of 2nd period - Shot by Alex Goligoski.
19:14 of 2nd period - Stopped by Devan Dubnyk without a rebound.
19:15 of 2nd period - Josh Leivo wins face-off versus Jonathan Toews in NASHVILLE zone.
19:15 of 2nd period - Jason Dickinson is hit by Nick Bonino and loses puck.
19:30 of 2nd period - Shot by Mike Hoffman.
19:30 of 2nd period - Stopped by Devan Dubnyk without a rebound.
19:31 of 2nd period - Devin Shore wins face-off versus Jonathan Toews in NASHVILLE zone.
19:31 of 2nd period - Devin Shore is hit by Nick Bonino.
19:38 of 2nd period - Icing by Jonathan Toews.
19:39 of 2nd period - Nick Bonino wins face-off versus Josh Leivo in LOS ANGELES zone.
19:56 of 2nd period - Adam Larsson is hit by Jonathan Toews and loses puck.
Goals for this period are 0 for NASHVILLE vs 2 for LOS ANGELES.
Shots for this period are 10 for NASHVILLE vs 12 for LOS ANGELES.

3rd period


0:01 of 3rd period - Mika Zibanejad wins face-off versus Sean Monahan in neutral zone.
0:04 of 3rd period - Shot by Tyler Seguin.
0:04 of 3rd period - Shot Misses the Net.
0:06 of 3rd period - Shot by Mika Zibanejad.
0:06 of 3rd period - Shot Blocked by Brian Dumoulin.
0:08 of 3rd period - Shot by Mika Zibanejad.
0:08 of 3rd period - Stopped by Devan Dubnyk without a rebound.
0:09 of 3rd period - Mika Zibanejad wins face-off versus J.T. Compher in NASHVILLE zone.
0:17 of 3rd period - Icing by Adam Larsson.
0:18 of 3rd period - Mika Zibanejad wins face-off versus J.T. Compher in NASHVILLE zone.
0:21 of 3rd period - Shot by Matthew Tkachuk.
0:21 of 3rd period - Shot Misses the Net.
0:35 of 3rd period - Shot by Tyler Seguin.
0:35 of 3rd period - Stopped by Devan Dubnyk without a rebound.
0:36 of 3rd period - Sean Monahan wins face-off versus Jonathan Toews in NASHVILLE zone.
1:04 of 3rd period - Shot by Mike Hoffman.
1:04 of 3rd period - Stopped by Devan Dubnyk without a rebound.
1:05 of 3rd period - Mika Zibanejad wins face-off versus J.T. Compher in NASHVILLE zone.
2:23 of 3rd period - Shot by Jonathan Toews.
2:23 of 3rd period - Stopped by Devan Dubnyk without a rebound.
2:24 of 3rd period - Travis Zajac wins face-off versus Sean Monahan in NASHVILLE zone.
3:41 of 3rd period - Mike Hoffman is hit by Morgan Rielly and loses puck.
3:49 of 3rd period - Jonathan Toews is hit by Adam Larsson and loses puck.
4:30 of 3rd period - Shot by Mika Zibanejad.
4:30 of 3rd period - Stopped by Devan Dubnyk with a rebound.
4:44 of 3rd period - Shot by J.T. Compher.
4:44 of 3rd period - Shot Misses the Net.
5:01 of 3rd period - Tyler Seguin is hit by Nicolas Hague.
5:19 of 3rd period - Shot by Sean Monahan.
5:19 of 3rd period - Shot Blocked by Josh Manson.
5:21 of 3rd period - Shot by Paul Byron.
5:21 of 3rd period - Shot Blocked by Johnny Boychuk.
5:55 of 3rd period - Shot by J.T. Compher.
5:55 of 3rd period - Shot Misses the Net.
5:57 of 3rd period - Shot by Connor Carrick.
5:57 of 3rd period - Shot Misses the Net.
6:21 of 3rd period - Shot by Artem Anisimov.
6:21 of 3rd period - Deflect By Vladislav Namestnikov.
6:21 of 3rd period - Stopped by Devan Dubnyk without a rebound.
6:22 of 3rd period - Jonathan Toews wins face-off versus Sean Monahan in NASHVILLE zone.
6:23 of 3rd period - Shot by Mike Hoffman.
6:23 of 3rd period - Stopped by Devan Dubnyk with a rebound.
6:35 of 3rd period - Shot by Jared McCann.
6:35 of 3rd period - Stopped by Antti Raanta without a rebound.
6:36 of 3rd period - Mika Zibanejad wins face-off versus Devin Shore in LOS ANGELES zone.
6:36 of 3rd period - Mika Zibanejad is hit by Sean Monahan.
7:23 of 3rd period - Off-side.
7:24 of 3rd period - J.T. Compher wins face-off versus Jonathan Toews in neutral zone.
7:49 of 3rd period - Shot by Mike Hoffman.
7:49 of 3rd period - Shot Blocked by Nicolas Hague.
7:51 of 3rd period - Shot by Mike Hoffman.
7:51 of 3rd period - Shot Misses the Net.
7:53 of 3rd period - Shot by Kris Letang.
7:53 of 3rd period - Stopped by Devan Dubnyk without a rebound.
7:54 of 3rd period - Artem Anisimov wins face-off versus Jason Dickinson in NASHVILLE zone.
9:03 of 3rd period - Shot by Matthew Tkachuk.
9:03 of 3rd period - Shot Blocked by Adam Larsson.
9:11 of 3rd period - Shot by Mika Zibanejad.
9:11 of 3rd period - Shot Misses the Net.
9:19 of 3rd period - Shot by Tyler Seguin.
9:19 of 3rd period - Stopped by Devan Dubnyk with a rebound.
9:21 of 3rd period - Shot by Alex Goligoski.
9:21 of 3rd period - Stopped by Devan Dubnyk without a rebound.
9:21 of 3rd period - Minor Penalty to Adam Larsson for Hooking.
9:22 of 3rd period - Jonathan Toews wins face-off versus Sean Monahan in NASHVILLE zone.
9:41 of 3rd period - Shot by Kris Letang.
9:41 of 3rd period - Goal by Kris Letang - NASHVILLE : 2 - LOS ANGELES : 3.
9:42 of 3rd period - Nick Cousins wins face-off versus J.T. Compher in neutral zone.
9:57 of 3rd period - Shot by Jimmy Vesey.
9:57 of 3rd period - Deflect By J.T. Compher.
9:57 of 3rd period - Shot Misses the Net.
9:59 of 3rd period - Shot by Bobby Ryan.
9:59 of 3rd period - Stopped by Antti Raanta without a rebound.
10:00 of 3rd period - Jonathan Toews wins face-off versus Jason Dickinson in LOS ANGELES zone.
10:14 of 3rd period - Shot by Brian Dumoulin.
10:14 of 3rd period - Shot Blocked by Kris Letang.
10:16 of 3rd period - Shot by Jason Dickinson.
10:16 of 3rd period - Shot Misses the Net.
10:23 of 3rd period - Ryan McDonagh is hit by Jason Dickinson and loses puck.
10:50 of 3rd period - Josh Leivo is hit by Alex Goligoski.
11:16 of 3rd period - Shot by Mika Zibanejad.
11:16 of 3rd period - Stopped by Devan Dubnyk without a rebound.
11:17 of 3rd period - Vladislav Namestnikov wins face-off versus J.T. Compher in NASHVILLE zone.
11:22 of 3rd period - Shot by Travis Zajac.
11:22 of 3rd period - Shot Blocked by Jeremy Lauzon.
11:35 of 3rd period - Artem Anisimov is hit by Jeremy Lauzon and loses puck.
11:51 of 3rd period - Vladislav Namestnikov is hit by Jeremy Lauzon and loses puck.
13:06 of 3rd period - Kris Letang is hit by Jason Dickinson.
13:12 of 3rd period - Shot by Mika Zibanejad.
13:12 of 3rd period - Shot Misses the Net.
14:29 of 3rd period - Shot by Ryan McDonagh.
14:29 of 3rd period - Deflect By Riley Nash.
14:29 of 3rd period - Stopped by Devan Dubnyk without a rebound.
14:30 of 3rd period - Devin Shore wins face-off versus Nick Cousins in NASHVILLE zone.
14:35 of 3rd period - Shot by Sean Monahan.
14:35 of 3rd period - Stopped by Antti Raanta without a rebound.
14:36 of 3rd period - Mika Zibanejad wins face-off versus Sean Monahan in LOS ANGELES zone.
14:38 of 3rd period - Tyler Seguin is hit by Paul Byron and loses puck.
14:58 of 3rd period - Mika Zibanejad is hit by Jeremy Lauzon and loses puck.
15:04 of 3rd period - Minor Penalty to Jeremy Lauzon for Interference.
15:05 of 3rd period - Paul Byron wins face-off versus Jonathan Toews in NASHVILLE zone.
15:40 of 3rd period - Shot by Jonathan Toews.
15:40 of 3rd period - Stopped by Devan Dubnyk without a rebound.
15:41 of 3rd period - Mika Zibanejad wins face-off versus Jared McCann in NASHVILLE zone.
15:51 of 3rd period - Tyler Seguin is hit by Paul Byron and loses puck.
16:13 of 3rd period - Mika Zibanejad is hit by Adam Larsson and loses puck.
16:47 of 3rd period - Icing by Mika Zibanejad.
16:48 of 3rd period - Mika Zibanejad wins face-off versus Sean Monahan in LOS ANGELES zone.
17:23 of 3rd period - Shot by Jason Dickinson.
17:23 of 3rd period - Shot Misses the Net.
17:25 of 3rd period - Shot by Tage Thompson.
17:25 of 3rd period - Shot Blocked by Vladislav Namestnikov.
17:30 of 3rd period - Minor Penalty to Josh Manson for High sticking.
17:31 of 3rd period - J.T. Compher wins face-off versus Vladislav Namestnikov in LOS ANGELES zone.
17:34 of 3rd period - Shot by J.T. Compher.
17:34 of 3rd period - Stopped by Antti Raanta without a rebound.
17:35 of 3rd period - Mika Zibanejad wins face-off versus J.T. Compher in LOS ANGELES zone.
17:56 of 3rd period - Shot by Mika Zibanejad.
17:56 of 3rd period - Shot Misses the Net.
18:27 of 3rd period - Icing by Sean Monahan.
18:28 of 3rd period - Sean Monahan wins face-off versus Vladislav Namestnikov in NASHVILLE zone.
18:32 of 3rd period - Off-side.
18:33 of 3rd period - Jared McCann wins face-off versus Matthew Tkachuk in neutral zone.
18:36 of 3rd period - Shot by Sean Monahan.
18:36 of 3rd period - Stopped by Antti Raanta without a rebound.
18:37 of 3rd period - Mika Zibanejad wins face-off versus Sean Monahan in LOS ANGELES zone.
18:48 of 3rd period - Shot by Brian Dumoulin.
18:48 of 3rd period - Deflect By Sean Monahan.
18:48 of 3rd period - Shot Blocked by Alex Goligoski.
18:58 of 3rd period - Shot by Paul Byron.
18:58 of 3rd period - Stopped by Antti Raanta without a rebound.
18:59 of 3rd period - Matthew Tkachuk wins face-off versus J.T. Compher in LOS ANGELES zone.
19:06 of 3rd period - NASHVILLE, Devan Dubnyk is pulled from the net.
19:30 of 3rd period - Shot by Kris Letang.
19:30 of 3rd period - Shot Misses the Net.
19:32 of 3rd period - Shot by Mika Zibanejad.
19:32 of 3rd period - Shot Blocked by Morgan Rielly.
19:34 of 3rd period - Shot by Tyler Seguin.
19:34 of 3rd period - Goal by Tyler Seguin - NASHVILLE : 2 - LOS ANGELES : 4.
19:34 of 3rd period - Devan Dubnyk from NASHVILLE was sent back in the game.
19:35 of 3rd period - Sean Monahan wins face-off versus Travis Zajac in neutral zone.
19:38 of 3rd period - Zdeno Chara is hit by Paul Byron and loses puck.
Goals for this period are 0 for NASHVILLE vs 2 for LOS ANGELES.
Shots for this period are 6 for NASHVILLE vs 15 for LOS ANGELES.